 Dungeon Crawl Stone Soup version 0.30-a0-1160-g6e42c06551 (webtiles) character file.

Game seed: 1648538758926785234

6062 Sobieck the Basher (level 10, 0/53 HPs)
             Began as a Vine Stalker Fighter on Apr 25, 2023.
             Was a Follower of Wu Jian.
             Slain by a boulder beetle (7 damage)
             ... on level 9 of the Dungeon.
             The game lasted 00:16:21 (7653 turns).

Sobieck the Basher (Vine Stalker Fighter)           Turns: 7653, Time: 00:16:22

Health: 0/53       AC:  8    Str: 22    XL:     10   Next: 87%
Magic:  0/38       EV: 24    Int:  8    God:    Wu Jian [*.....]
Gold:   303        SH:  5    Dex: 17    Spells: 21/21 levels left

rFire   . . .        b - +6 shillelagh "Devastator" {shatter}
rCold   . . .        c - +0 buckler
rNeg    . . .        C - +0 scale mail
rPois   .            (no helmet)
rElec   .            l - +0 cloak
rCorr   +            w - +0 pair of gloves
SInv    .            (no boots)
Will    +....        j - amulet of the acrobat Stlth
                     M - ring of the Hungering Pariah {rCorr MP+9 Dex+2 Slay+3}
HPRegen 1.08/turn    F - ring of magical power
MPRegen 0.26/turn

%: acrobat, guardian spirit
@: acrobatic
A: fangs 3, regeneration 1, magic shield, antimagic bite, no potion heal 2
a: Renounce Religion


You were on level 9 of the Dungeon.
You worshipped Wu Jian.
Wu Jian was aware of your devotion.
You visited 2 branches of the dungeon, and saw 11 of its levels.

You collected 531 gold pieces.
You spent 228 gold pieces at shops.


Innate Abilities, Weirdness & Mutations

You have razor-sharp teeth.
Your natural rate of healing is unusually fast.
When hurt, damage is shared between your health and your magic reserves.
Your bite disrupts and absorbs the magic of your enemies.
Potions cannot restore your health.


   Skills:
 + Level 6.5 Fighting
 - Level 3.6 Short Blades
 + Level 11.5 Maces & Flails
 - Level 2.4 Armour
 - Level 2.6 Shields
 + Level 6.3 Spellcasting


You had 21 spell levels left.
You didn't know any spells.
Your spell library contained the following spells:

 Spells                   Type           Power      Damage    Failure   Level
 Beastly Appendage        Tmut           4%         N/A       58%         1
 Slow                     Hex            8%         N/A       58%         1
 Cigotuvi's Dreadful Rot  Necr/Pois/Air  4%         N/A       73%         2
 Wereblood                Tmut           2%         N/A       73%         2
 Confusing Touch          Hex            2%         N/A       91%         3
 Spider Form              Tmut/Pois      2%         N/A       91%         3
 Tukima's Dance           Hex            2%         N/A       91%         3
 Vampiric Draining        Necr           2%         2d6       91%         3
 Eringya's Noxious Bog    Tmut/Pois      1%         N/A       100%        6

Inventory:

Hand Weapons
 a - the +7 flail of Obsession {freeze, rF+, mace}
   (You found it on level 3 of the Dungeon)

   rF:        It protects you from fire.
 b - the +6 shillelagh "Devastator" (weapon) {shatter}
   (You found it on level 3 of the Dungeon)
 p - a +0 rapier of chaos {short}
   (You found it on level 2 of the Dungeon)
 A - a +0 rapier {short}
Missiles
 e - 131 stones {throwing}
 f - 3 boomerangs {throwing}
 x - 3 throwing nets {=f!fthrowing}
 T - 14 poisoned darts (quivered) {throwing}
Armour
 c - a +0 buckler (worn)
 l - a +0 cloak (worn)
   (You took it off Maurice on level 8 of the Dungeon)
 v - a +0 leather armour
   (You took it off an orc on level 7 of the Dungeon)
 w - a +0 pair of gloves (worn)
   (You found it on level 9 of the Dungeon)
 C - a +0 scale mail (worn)
 D - a +0 leather armour
   (You took it off an orc on level 3 of the Dungeon)
 G - a +0 robe
   (You found it on level 3 of the Dungeon)
 I - a +0 robe
   (You took it off an orc wizard on level 4 of the Dungeon)
 J - a +0 robe
   (You took it off an orc wizard on level 4 of the Dungeon)
 K - a +0 leather armour
   (You took it off an orc on level 4 of the Dungeon)
 L - a +0 ring mail
   (You took it off an orc on level 4 of the Dungeon)
 N - a +0 robe
   (You took it off an orc wizard on level 5 of the Dungeon)
 O - a +0 leather armour
   (You took it off an orc on level 5 of the Dungeon)
 P - a +0 ring mail
   (You found it on level 5 of the Dungeon)
 Q - a +0 ring mail
   (You found it on level 5 of the Dungeon)
 U - a +0 leather armour
   (You found it on level 5 of the Dungeon)
 V - a +0 robe
   (You took it off an orc wizard on level 6 of the Dungeon)
 W - a +0 leather armour
   (You took it off an orc priest on level 6 of the Dungeon)
 X - a +0 robe
   (You took it off an orc wizard on level 6 of the Dungeon)
 Z - a +0 scale mail
   (You found it on level 7 of the Dungeon)
Magical Staves
 m - a staff of air {!astaff}
   (You found it on level 7 of the Dungeon)
Jewellery
 j - an amulet of the acrobat (around neck)
   (You found it on level 9 of the Dungeon)
 y - a +4 ring of protection
   (You found it on level 8 of the Dungeon)
 F - a ring of magical power (right hand)
   (You found it on level 3 of the Dungeon)
 M - the ring of the Hungering Pariah (left hand) {rCorr MP+9 Dex+2 Slay+3}
   (You found it on level 4 of the Dungeon)

   [ring of magical power]

   Dex:       It affects your dexterity (+2).
   Slay:      It affects your accuracy & damage with ranged weapons and melee
   (+3).
   MP:        It affects your magic capacity (+9).
   rCorr:     It protects you from acid and corrosion.
Wands
 t - a wand of flame (15)
   (You took it off Maurice on level 8 of the Dungeon)
 Y - a wand of charming (9)
   (You found it on level 6 of the Dungeon)
Scrolls
 g - 4 scrolls of immolation {!r!r}
 i - 2 scrolls of fog
 o - 2 scrolls of silence {!r}
 s - 3 scrolls of magic mapping {!r}
 u - 4 scrolls of teleportation {@r4}
 z - 2 scrolls of identify {@r1}
 E - 2 scrolls of vulnerability {!r!r}
 R - 3 scrolls of enchant armour
Potions
 d - a potion of might
 h - 3 potions of brilliance
 k - 3 potions of mutation {!q}
 n - 2 potions of invisibility
 q - 2 potions of flight
 r - 3 potions of curing {@q1}
 B - a potion of magic
 S - 3 potions of lignification {!q}

Dungeon Overview and Level Annotations

Branches:
Dungeon (10/15) Zot: 26753  Temple (1/1) D:5 Zot: 5817
   Lair: D:8-11         Orc: D:9-12

Altars:
Ashenzari
Cheibriados
Dithmenos
Fedhas
Gozag
Hepliaklqana
Kikubaaqudgha
Makhleb
Okawaru
Qazlal
Ru
Sif Muna
Trog
Uskayaw
Vehumet
Wu Jian
Xom
Yredelemnul
Zin
The Shining One

Shops:
D:3 [[:   D:5 :==?

#.# #.##.##.# #.### #########
#.##.##.# #...# #.......#
#....##.# ###.####.......#
#..####.# #.....##.......#
#..####.# #.#.#.##.......#
#.......# #.#.#.##...)...#
#..###### #.#.#.##.....B.# #.##
#.....##....)@†# #.#
###.####[[...).# #.# #.#
#)##.##.# #.#
###.####.##.##.###.#
#................#.###########
#.<.........##<#.#.......>....
#.....##.##.##.#.#..#...#...##
#.....##....................#.
####..............#.##...........


You could see a boulder beetle (very poisoned, slow).


Message History

You see here an acid dragon corpse.
Unknown command.
There is a stone staircase leading up, spattered with blood here.
Unknown command.
You climb upwards.
There is a stone staircase leading down, spattered with blood here.
Unknown command.
Unknown command.
You start resting.
You start resting.
Unknown command.
Your pack is full.
Things that are here:
a +0 troll leather armour; a troll corpse Your pack is full.
Things that are here:
a +0 troll leather armour; a troll corpse Could not pick up a +0 troll leather armour here; ([A]lways) ignore it?
Autopickup disabled for troll leather armours.
Done exploring.
Unknown command.
(D) Dungeon (T) Temple
Where to? (Enter - D:10, ? - help)
There is a stone staircase leading down, spattered with blood here.
You climb downwards.
The boulder beetle curls into a ball and begins rolling!
The gnoll bouda gazes fiercely through you!
You feel your attacks grow feeble.
You hear a shout!
There is a stone staircase leading up, spattered with blood here.
There are monsters nearby!
Danger!
You climb upwards.
There is a stone staircase leading down, spattered with blood here.
Unknown command.
Unknown command.
You start waiting.
Your attacks no longer feel as feeble.
Unknown command.
Unknown command.
You climb downwards.
The orc shouts!
The boulder beetle hits you!
The boulder beetle stops rolling and uncurls.
The boulder beetle leaps!
There is a stone staircase leading up, spattered with blood here.
Danger!
Unknown command.
Unknown command.
An orc comes into view. It is wielding a +0 hand axe.
The boulder beetle curls into a ball and begins rolling!
Unknown command.
Unknown command.
You block the gnoll bouda's attack.
Unknown command.
The boulder beetle hits you!!!
Ouch! That really hurt!
* * * LOW HITPOINT WARNING * * *
The boulder beetle stops rolling and uncurls.
You block the gnoll bouda's attack.
The orc priest hits you but does no damage.
You hear a shout!
You hear an angry hiss.
You hear an angry growl.
You climb upwards.
There is a stone staircase leading down, spattered with blood here.
Unknown command.
Unknown command.
Unknown command.
You sock the gnoll bouda!
The gnoll bouda and the orc priest shudder.
You kill the gnoll bouda!
The Council accepts your kill.
You kill the orc priest!
The Council accepts your kill. The boulder beetle bites you!!
* * * LOW HITPOINT WARNING * * *
Unknown command.
You hit the boulder beetle.
The boulder beetle shudders.
The boulder beetle bites you!
* * * LOW HITPOINT WARNING * * *
You hit the boulder beetle.
The boulder beetle shudders.
You bite the boulder beetle. You drain its power.
You feel invigorated. You block the boulder beetle's attack.
Throw: 131 stones {throwing}
Press: ? - help, Q - select action, (/) - cycle Shift-Dir - straight line, f - boulder beetle
Aim: a boulder beetle (moderately wounded, 91% to hit)
Okay, then.
Unknown command.
Throw: dart (curare) {=fthrowing}
Press: ? - help, Q - select action, (/) - cycle Shift-Dir - straight line, f - boulder beetle
Aim: a boulder beetle (moderately wounded, 91% to hit)
You throw a curare-tipped dart {=fthrowing}.
The curare-tipped dart {=fthrowing} hits the boulder beetle.
The boulder beetle is poisoned.
The boulder beetle convulses.
The boulder beetle seems to slow down.
Unknown command.
Unknown command.
Unknown command.
The boulder beetle bites you!
You die...

Skill      XL: |  1  2  3  4  5  6  7  8  9 10 |
---------------+-------------------------------+-----
Short Blades   | 2 3 |  3.6
Maces & Flails | 4 5 7 9 10 11 | 11.5
Fighting       | 5 6 |  6.5
Spellcasting   | 4 6 |  6.3
Armour         | |  2.4
Shields        | |  2.6

Action                     |  1- 3 |  4- 6 |  7- 9 | 10-12 || total
---------------------------+-------+-------+-------+-------++-------
  Melee: Rapier            |    89 |       |       |       ||    89
         Bite              |    14 |     7 |    35 |    25 ||    81
         Shillelagh        |     4 |    38 |    56 |    46 ||   144
         Flail             |       |     6 |    77 |    30 ||   113
  Throw: Stone             |     2 |       |     7 |       ||     9
         Dart              |       |       |       |     1 ||     1
Ability: Lunge             |       |       |       |     8 ||     8
         Whirlwind         |       |       |       |     1 ||     1
    Use: Scroll            |       |       |    14 |       ||    14
 Armour: Scale mail        |    28 |    14 |    23 |    18 ||    83
  Dodge: Dodged            |    33 |    11 |    32 |    29 ||   105
  Block: Buckler           |    20 |    14 |    22 |    22 ||    78

Levels and vault maps discovered:
D:1:      dpeg_arrival_simpleton_a, layout_basic,
          shapermc_ecumenical_altar_venn, lexackson_kobold_supper
D:2:      layout_rooms, reono_crystal_passage, hangedman_decor_push,
          minmay_heptomino_h4
D:3:      layout_basic, grunt_temple_overflow_open, makhleb_altar_promises_db,
          serial_shops, nicolae_shop_tiny_real_fake_doors,
          nicolae_book_shop_shelving, shop
D:4:      layout_loops_ring, mainiacjoe_overflow_boulevard, uniq_sigmund
D:5:      layout_gridville, minmay_temple_entry_enclosed_plants, serial_shops,
          nicolae_stop_n_shop_1, nicolae_shop_waterfront, shop, shop
D:6:      layout_rooms
D:7:      layout_basic
D:8:      layout_basic, nicolae_ru_sacrificial_ziggurat,
          nicolae_wu_jian_wuxing_cycle, doesnt_xom_only_xom, st_stairs_8,
          uniq_maurice
D:9:      layout_loops_cross, mainiacjoe_overflow_cross_hatched,
          roderic_nine_men_s_morris
D:10:     layout_long_grid, mainiacjoe_overflow_catwalk_spiral,
          due_lair_maze_entry_diamond, chequers_serial_rivers_micro_e
Temple:   nicolae_temple_bog_church

Notes
Turn   | Place    | Note
-------+----------+-------------------------------------------
     0 | D:1      | Sobieck the Vine Stalker Fighter began the quest for the
                  | Orb.
     0 | D:1      | Reached XP level 1. HP: 11/11 MP: 2/2
    20 | D:1      | Reached skill level 2 in Short Blades
    99 | D:1      | Found a faded altar of an unknown god.
   438 | D:1      | Reached XP level 2. HP: 16/16 MP: 3/3
  1012 | D:2      | Reached skill level 3 in Short Blades
  1089 | D:2      | Reached XP level 3. HP: 17/19 MP: 2/4
  1227 | D:2      | You pick up a book of Debilitation and begin reading...
  1227 | D:2      | You add the spells Slow, Vampiric Draining and Confusing
                  | Touch to your library.
  1541 | D:2      | You pick up a book of Changes and begin reading...
  1541 | D:2      | You add the spells Beastly Appendage, Wereblood and Spider
                  | Form to your library.
  1598 | D:2      | You add the spells Cigotuvi's Dreadful Rot, Tukima's Dance
                  | and Eringya's Noxious Bog to your library.
  1598 | D:2      | Got the Parchment of Paper
  1610 | D:3      | Found Dygoum's Book Shop.
  1660 | D:3      | Identified the +7 flail of Obsession {freeze, rF+}
  1680 | D:3      | Found Moekoris's Armour Shoppe.
  1766 | D:3      | Found a glowing silver altar of Zin.
  1767 | D:3      | Found a stormy altar of Qazlal.
  1767 | D:3      | Found an ancient bone altar of Kikubaaqudgha.
  1770 | D:3      | Found an opulent altar of Gozag.
  1819 | D:3      | Found the +6 shillelagh "Devastator" {shatter}
  1935 | D:3      | Gained mutation: Your natural rate of healing is unusually
                  | fast. [Vine Stalker growth]
  1935 | D:3      | Reached XP level 4. HP: 19/23 MP: 5/5
  1936 | D:3      | Found Labb's Armour Boutique.
  1956 | D:3      | Found a burning altar of Makhleb.
  1956 | D:3      | Noticed a blizzard demon
  1978 | D:3      | Reached skill level 1 in Maces & Flails
  2128 | D:3      | Reached skill level 2 in Maces & Flails
  2339 | D:4      | Noticed Sigmund
  2457 | D:4      | Killed Sigmund
  2458 | D:4      | Reached skill level 4 in Maces & Flails
  2458 | D:4      | Reached XP level 5. HP: 27/27 MP: 6/6
  2458 | D:4      | Reached XP level 6. HP: 32/32 MP: 7/7
  2615 | D:4      | Reached skill level 5 in Maces & Flails
  2678 | D:4      | Found a basalt altar of Yredelemnul.
  2710 | D:4      | Identified the ring of the Hungering Pariah {rCorr MP+9
                  | Dex+2 Slay+3}
  2842 | D:4      | Reached XP level 7. HP: 35/35 MP: 8/8
  3183 | D:5      | Entered Level 5 of the Dungeon
  3183 | D:5      | Found Xenuijog's Book Shop.
  3220 | D:5      | Found Ikuowk's Jewellery Emporium.
  3239 | D:5      | Reached skill level 6 in Maces & Flails
  3433 | D:5      | Found Wekiuter's Jewellery Boutique.
  3479 | D:5      | Found Biuneruz's Magic Scroll Emporium.
  3486 | D:5      | Bought a scroll of identify for 24 gold pieces
  3486 | D:5      | Bought a scroll of identify for 24 gold pieces
  3491 | D:5      | Bought a scroll of enchant armour for 90 gold pieces
  3491 | D:5      | Bought a scroll of magic mapping for 90 gold pieces
  3625 | D:5      | Found a staircase to the Ecumenical Temple.
  3655 | Temple   | Entered the Ecumenical Temple
  3948 | D:5      | Reached skill level 7 in Maces & Flails
  4213 | D:6      | Gained mutation: You have razor-sharp teeth. [Vine Stalker
                  | growth]
  4213 | D:6      | Reached XP level 8. HP: 39/39 MP: 9/9
  4285 | D:6      | Reached skill level 8 in Maces & Flails
  4673 | D:7      | Reached skill level 9 in Maces & Flails
  4736 | D:7      | Reached XP level 9. HP: 39/43 MP: 10/10
  4850 | D:7      | Reached skill level 10 in Maces & Flails
  4873 | D:7      | HP: 10/43 [ogre/+0 giant club (21)]
  4875 | D:7      | Reached skill level 3 in Fighting
  4875 | D:7      | Reached skill level 1 in Spellcasting
  5009 | D:7      | Reached skill level 2 in Spellcasting
  5754 | D:8      | Reached skill level 4 in Fighting
  6074 | D:8      | Noticed Maurice
  6085 | D:8      | Killed Maurice
  6086 | D:8      | Reached skill level 3 in Spellcasting
  6113 | D:8      | Found a glowing silver altar of Zin.
  6115 | D:8      | Found a glowing golden altar of the Shining One.
  6115 | D:8      | Found a shimmering altar of Xom.
  6117 | D:8      | Found a glowing golden altar of the Shining One.
  6117 | D:8      | Found a bloodstained altar of Trog.
  6117 | D:8      | Found a shimmering blue altar of Sif Muna.
  6157 | D:8      | Found a sacrificial altar of Ru.
  6159 | D:8      | Noticed a two-headed ogre
  6167 | D:8      | Killed a two-headed ogre
  6168 | D:8      | Reached skill level 5 in Fighting
  6168 | D:8      | Reached skill level 4 in Spellcasting
  6168 | D:8      | Reached XP level 10. HP: 15/51 MP: 12/17
  6515 | D:8      | Found an ornate altar of the Wu Jian Council.
  6524 | D:8      | Identified the +10 falchion of the Lumpy Dreams {heavy,
                  | MP+9 Str-3 Int+2}
  6586 | D:8      | Became a worshipper of the Wu Jian Council
  6642 | D:9      | Reached skill level 11 in Maces & Flails
  6715 | D:9      | Reached skill level 5 in Spellcasting
  6772 | D:9      | Found a radiant altar of Vehumet.
  7073 | D:9      | Reached * piety under Wu Jian
  7405 | D:10     | Entered Level 10 of the Dungeon
  7415 | D:10     | Reached skill level 6 in Fighting
  7448 | D:10     | Noticed a cyclops
  7580 | D:10     | Reached skill level 6 in Spellcasting
  7580 | D:10     | Killed a cyclops
  7586 | D:10     | Noticed a boulder beetle
  7649 | D:9      | HP: 12/53 [boulder beetle (12)]
  7650 | D:9      | HP: 4/53 [boulder beetle (8)]
  7653 | D:9      | Slain by a boulder beetle

Vanquished Creatures
  A two-headed ogre (D:8)
  A cyclops (D:10)
  Maurice (D:8)
  A troll (D:9)
  Sigmund (D:4)
  A wraith (D:9)
  5 wyverns
  A steam dragon (D:8)
  An acid dragon (D:10)
  2 water moccasins
  2 orc warriors
  2 sky beasts (D:7)
  3 ogres
  7 bullfrogs
  A kobold brigand (D:8)
  A scorpion (D:5)
  4 wights (D:7)
  12 killer bees
  3 howler monkeys (D:7)
  7 hounds
  2 gnoll boudas (D:9)
  6 orc priests
  An iguana (D:4)
  10 orc wizards
  7 adders
  13 gnolls
  2 shadow imps (D:6)
  2 white imps (D:7)
  2 worms
  6 dart slugs
  29 orcs
  3 bats
  4 endoplasms
  2 giant cockroaches
  5 goblins
  6 hobgoblins
  3 jackals (D:4)
  3 quokkas
  7 ball pythons
  3 frilled lizards (D:1)
  15 kobolds
  4 rats
192 creatures vanquished.

Vanquished Creatures (others)
  27 fungi (D:10)
  33 plants
60 creatures vanquished.

Grand Total: 252 creatures vanquished

Table legend:
 A = Non-vault XP
 B = Vault XP
 C = Vault XP percentage of total XP
 D = Non-vault monster count
 E = Vault monster count
 F = Vault count percentage of total count
                 A         B        C        D         E       F
            +---------+---------+-------+---------+---------+-------
      Total |    7669 |     991 |  11.4 |     175 |      17 |   8.9
            +---------+---------+-------+---------+---------+-------
        D:1 |      19 |       9 |  32.1 |      12 |       8 |  40.0
        D:2 |      20 |       6 |  23.1 |      13 |       3 |  18.8
        D:3 |      85 |       0 |   0.0 |      13 |       0 |   0.0
        D:4 |     274 |     223 |  44.9 |      21 |       1 |   4.5
        D:5 |     557 |       0 |   0.0 |      17 |       0 |   0.0
        D:6 |     545 |       0 |   0.0 |      19 |       0 |   0.0
        D:7 |    1714 |       0 |   0.0 |      27 |       0 |   0.0
        D:8 |    1498 |     485 |  24.5 |      13 |       2 |  13.3
        D:9 |    1953 |      90 |   4.4 |      33 |       1 |   2.9
       D:10 |    1004 |     178 |  15.1 |       7 |       2 |  22.2
            +---------+---------+-------+---------+---------+-------

Skill      XL: |  1  2  3  4  5  6  7  8  9 10 |
---------------+-------------------------------+-----
Short Blades   | 2 3 |  3.6
Maces & Flails | 4 5 7 9 10 11 | 11.5
Fighting       | 5 6 |  6.5
Spellcasting   | 4 6 |  6.3
Armour         | |  2.4
Shields        | |  2.6

Action                     |  1- 3 |  4- 6 |  7- 9 | 10-12 || total
---------------------------+-------+-------+-------+-------++-------
  Melee: Rapier            |    89 |       |       |       ||    89
         Bite              |    14 |     7 |    35 |    25 ||    81
         Shillelagh        |     4 |    38 |    56 |    46 ||   144
         Flail             |       |     6 |    77 |    30 ||   113
  Throw: Stone             |     2 |       |     7 |       ||     9
         Dart              |       |       |       |     1 ||     1
Ability: Lunge             |       |       |       |     8 ||     8
         Whirlwind         |       |       |       |     1 ||     1
    Use: Scroll            |       |       |    14 |       ||    14
 Armour: Scale mail        |    28 |    14 |    23 |    18 ||    83
  Dodge: Dodged            |    33 |    11 |    32 |    29 ||   105
  Block: Buckler           |    20 |    14 |    22 |    22 ||    78

Illustrated notes

Table legend:
 A = Kills in this place as a percentage of kills in the entire game.
 B = Kills by you in this place as a percentage of kills by you in the entire game.
 C = Kills by friends in this place as a percentage of kills by friends in the entire game.
 D = Other kills in this place as a percentage of other kills in the entire game.
 E = Experience gained in this place as a percentage of experience gained in the entire game.
 F = Experience gained in this place divided by the number of levels of this place that you have seen.
                   A       B       C       D       E      F
               +-------+-------+-------+-------+-------+----------------------
         Total | 100.0 | 100.0 |   N/A |   N/A | 100.0 | 787.3
       Dungeon | 100.0 | 100.0 |   N/A |   N/A | 100.0 | 866.0
               +-------+-------+-------+-------+-------+----------------------

Table legend: (Time is in decaauts)
 A = Elapsed time spent in this place.
 B = Non-inter-level travel time spent in this place.
 C = Inter-level travel time spent in this place.
 D = Time resting spent in this place.
 E = Time spent auto-exploring this place.
 F = Levels seen in this place.
 G = Mean time per level.
                   A        B        C        D        E       F      G
               +--------+--------+--------+--------+--------+-----+--------+
         Total |   7656 |   7279 |    377 |    471 |   5755 |  11 |  696.0 |
       Dungeon |   7474 |   7121 |    353 |    471 |   5605 |  10 |  747.4 |
        Temple |    182 |    158 |     24 |      0 |    150 |   1 |  182.0 |
               +--------+--------+--------+--------+--------+-----+--------+

Top non-repeatable levels by time:
     D:7: 1064 daAuts
     D:1: 983 daAuts
     D:9: 933 daAuts
     D:8: 920 daAuts
     D:3: 819 daAuts
     D:5: 803 daAuts
     D:4: 759 daAuts
     D:2: 631 daAuts
     D:6: 478 daAuts
  Temple: 182 daAuts
    D:10: 80 daAuts
